 Dungeon Crawl Stone Soup version 0.17.0-24-gcfadda4 (webtiles) character file.

5512 Esekla the Slicer (level 10, -18/51 HPs)
             Began as a Vine Stalker Summoner on Nov 16, 2015.
             Was a Follower of Vehumet.
             Demolished by a white ugly thing (23 damage)
             ... on level 8 of the Dungeon.
             The game lasted 03:35:52 (10145 turns).

Esekla the Slicer (Vine Stalker Summoner)          Turns: 10145, Time: 03:35:52

Health: -18/51     AC: 18    Str:  9    XL:     10   Next: 70%
Magic:  0/16       EV:  4    Int: 22    God:    Vehumet [*.....]
Gold:   318        SH:  0    Dex: 21    Spells: 1 memorised, 14 levels left

rFire  . . .     SeeInvis .     e - +8 dagger "Qamilyw" {flame, rElec MR+ Str-2 Dex+4}
rCold  . . .     Clarity  .     N - +0 shadow dragon armour
rNeg   . . .     SustAt   .     (no shield)
rPois  .         Gourm    .     y - +2 helmet
rElec  +         Spirit   +     k - +0 cloak
rCorr  .         Warding  .     g - +0 pair of gloves
rMut   .         Rnd*Tele +     H - +1 pair of boots
MR     ++...                    (no amulet)
Stlth  ++++......               Q - ring of flight
                                l - +6 ring of intelligence

@: about to teleport, very resistant to hostile enchantments, stealthy
A: fangs 3, regeneration 2, teleportitis 1, magic shield, antimagic bite, no
device heal 3, rot immunity
a: Renounce Religion, Evoke Flight


You were on level 8 of the Dungeon.
You worshipped Vehumet.
Vehumet was aware of your devotion.
You were not hungry.

You visited 2 branches of the dungeon, and saw 11 of its levels.

You collected 594 gold pieces.
You spent 276 gold pieces at shops.

Inventory:

Hand Weapons
 e - the +8 dagger "Qamilyw" (weapon) {flame, rElec MR+ Str-2 Dex+4}
   (You found it on level 5 of the Dungeon)

   It has been specially enchanted to burn those struck by it, causing extra
   injury to most foes and up to half again as much damage against particularly
   susceptible opponents.
   It affects your strength (-2).
   It affects your dexterity (+4).
   It insulates you from electricity.
   It affects your resistance to hostile enchantments.
 S - the +8 glaive "Hecrodogo" {freeze, rF+}
   (You found it on level 8 of the Dungeon)

   It has been specially enchanted to freeze those struck by it, causing extra
   injury to most foes and up to half again as much damage against particularly
   susceptible opponents.
   It can also slow down cold-blooded creatures.
   It protects you from fire.
 T - a +2 dagger of venom
 Z - a +3 dagger of electrocution
Missiles
 f - 393 stones
 B - 59 poisoned needles
 F - a throwing net
 M - 7 tomahawks (quivered)
Armour
 g - a +0 pair of gloves (worn)
 k - a +0 cloak (worn)
 y - a +2 helmet (worn)
 H - a +1 pair of boots (worn)
 J - a +1 leather armour of magic resistance
 N - a +0 shadow dragon armour (worn)
Jewellery
 l - a +6 ring of intelligence (left hand)
 o - an uncursed ring of sustain attributes
 t - an uncursed ring of fire
 x - an uncursed amulet of stasis
 A - an uncursed ring of teleportation
 G - a +1 ring of protection
 L - the amulet of Kuupakka {rCorr Str+4}
   (You found it on level 9 of the Dungeon)

   [amulet of resist corrosion]

   It protects you from acid and corrosion.
   It affects your strength (+4).
 Q - a ring of flight (right hand)
 V - an uncursed ring of wizardry
 X - an uncursed amulet of resist mutation
Wands
 a - a wand of digging (7)
 n - a wand of digging (10)
 u - a wand of fireball (5)
 z - a wand of fire (7)
Scrolls
 d - 2 scrolls of immolation
 h - 8 scrolls of teleportation
 p - 3 scrolls of remove curse
 I - a scroll of amnesia
Potions
 c - a potion of brilliance
 j - a potion of resistance
 q - a potion of invisibility
 r - a potion of magic
 s - a potion of might
 v - 4 potions of haste
 C - 3 potions of cancellation
 D - 5 potions of curing
 K - a potion of poison {unknown}
 O - 2 potions of agility
 P - 2 potions of flight
Books
 b - a book of Callings

   Spells                             Type                      Level
   a - Summon Small Mammal            Summoning                    1
   b - Call Imp                       Summoning                    2
   c - Call Canine Familiar           Summoning                    3
   d - Summon Guardian Golem          Hexes/Summoning              3
   e - Summon Lightning Spire         Summoning/Air                4
   f - Summon Ice Beast               Ice/Summoning                4
Comestibles
 m - 6 meat rations
 U - a bread ration


   Skills:
 - Level 5.1 Fighting
 - Level 10.0 Short Blades
   Level 1.1 Maces & Flails
 + Level 4.5 Polearms
 - Level 3.0 Armour
 - Level 2.0 Dodging
 - Level 3.0 Stealth
 * Level 3.4 Spellcasting
 * Level 3.9 Conjurations
   Level 4.0 Summonings
 * Level 3.4 Air Magic
 - Level 1.0 Evocations


You had 14 spell levels left.
You knew the following spells:

 Your Spells              Type           Power        Failure   Level  Hunger
a - Shock                 Conj/Air       ###.         99%         1    None


Dungeon Overview and Level Annotations

Branches:
Dungeon (10/15)            Temple (1/1) D:6
   Lair: D:8-11         Orc: D:9-12

Altars:
Ashenzari
Cheibriados
Dithmenos
Elyvilon
Fedhas
Gozag
Kikubaaqudgha
Makhleb
Nemelex Xobeh
Okawaru
Qazlal
Ru
Sif Muna
Trog
Vehumet
Xom
Yredelemnul
Zin
The Shining One

Shops:
D:5 ![


Innate Abilities, Weirdness & Mutations

You have razor-sharp teeth.
You heal very quickly.
When hurt, damage is shared between your health and your magic reserves.
Your bite disrupts and absorbs the magic of your enemies.
Potions and wands cannot restore your health.
You are immune to rotting.
You are occasionally teleported to nearby monsters.


Message History

The white ugly thing headbutts you. The white ugly thing freezes you!!
There is a stone staircase leading up, spattered with blood here.
Things that are here:
a robe; a leather armour The white ugly thing headbutts you but does no damage.
You climb upwards.
There is a stone staircase leading down here.
Take off which item? (? for menu, Esc to quit)
Okay, then.
Remove which piece of jewellery? (? for menu, Esc to quit)
Okay, then.
Read which item? (? for menu, Esc to quit)
As you read the scroll of teleportation, it crumbles to dust.
You feel strangely unstable. The white ugly thing headbutts you.
The white ugly thing freezes you!
* * * LOW HITPOINT WARNING * * *
The white ugly thing headbutts you!
* * * LOW HITPOINT WARNING * * *
The white ugly thing freezes you!!
You die...

####### #.# #.# ##############
#.# #............# #
#######.###.###..#####.# #
######........##.###..# #.# #
#..................#..### #.# #
#.####.####...##.#......# #.# #
#.# #.# #.....#.###..#.###.# #.#
#.####...##@###........# #.#
#........##.u..>)#.##### #.#
#######.##########.# #.# #.# #.#
#.# ##'## #####.# #.##### ##...##
##...#.# ......#
##.....###......#
...##.###.......#)[..[..#
.[..#.##........[.......#########


You could see a white ugly thing.

Vanquished Creatures
  The ghost of gw the Bolt Thrower, a novice DsHu of Dithmenos (D:9)
  A troll (D:9)
  A wraith (D:10)
  Sigmund (D:3)
  A deep elf mage (D:9)
  A hippogriff (D:7)
  Eustachio (D:6)
  6 yaks (D:9)
  A hungry ghost (D:9)
  2 ice beasts
  A sky beast (D:7)
  2 water moccasins
  An orc warrior (D:8)
  2 ogres
  A necrophage (D:9)
  4 centaurs
  Blork the orc (D:6)
  3 giant frogs
  2 scorpions
  A quasit (D:10)
  4 crimson imps
  4 orc priests
  6 jellies
  2 centaur skeletons
  3 iguanas
  7 hounds
  8 orc wizards
  A giant frog skeleton (D:3)
  7 worker ants
  A killer bee zombie (D:6)
  A hound zombie (D:6)
  A hound skeleton (D:3)
  Robin (D:2)
  9 adders
  2 worker ant zombies
  4 gnolls (D:8)
  An ooze (D:6)
  3 adder skeletons
  5 worms
  3 giant geckos
  27 orcs
  2 ball pythons (D:2)
  7 bats
  5 giant cockroaches
  15 goblins
  10 hobgoblins
  7 quokkas
  A giant gecko skeleton (D:4)
  6 giant newts
  A jackal skeleton (D:6)
  9 kobolds
  A quokka skeleton (D:7)
  8 rats
  2 butterflies (D:6)
208 creatures vanquished.

Notes
Turn   | Place    | Note
--------------------------------------------------------------
     0 | D:1      | Esekla the Vine Stalker Summoner began the quest for the Orb.
     0 | D:1      | Reached XP level 1. HP: 9/9 MP: 4/4
   243 | D:1      | Reached XP level 2. HP: 14/14 MP: 6/6
   285 | D:1      | Reached skill level 1 in Fighting
  1070 | D:2      | Reached XP level 3. HP: 14/18 MP: 4/7
  1664 | D:2      | Reached XP level 4. HP: 23/23 MP: 8/8
  1688 | D:2      | Noticed Robin
  1706 | D:2      | Killed Robin
  2331 | D:3      | Reached XP level 5. HP: 25/28 MP: 9/9
  2541 | D:3      | Noticed Sigmund
  2758 | D:3      | Killed Sigmund
  2758 | D:3      | Gained mutation: You heal very quickly. [Vine Stalker growth]
  2758 | D:3      | Reached XP level 6. HP: 16/32 MP: 7/10
  2809 | D:3      | Noticed a centaur
  2840 | D:3      | Killed a centaur
  3420 | D:4      | Reached XP level 7. HP: 26/37 MP: 11/11
  3779 | D:4      | Reached skill level 5 in Fighting
  4246 | D:5      | Entered Level 5 of the Dungeon
  4298 | D:5      | Found a burning altar of Makhleb.
  4299 | D:5      | Got a smoking dagger
  4350 | D:5      | Found Tewkas's Distillery.
  4483 | D:5      | Found a shimmering altar of Xom.
  4505 | D:5      | Found Afusoudiuck's Antique Armour Shop.
  4519 | D:5      | Reached skill level 1 in Maces & Flails
  4537 | D:5      | Bought a pair of embroidered boots for 94 gold pieces
  4635 | D:5      | Reached skill level 5 in Short Blades
  4640 | D:5      | Gained mutation: You have razor-sharp teeth. [Vine Stalker growth]
  4640 | D:5      | Reached XP level 8. HP: 41/43 MP: 10/12
  4755 | D:5      | Bought a potion of heal wounds for 70 gold pieces
  4755 | D:5      | Bought a potion of cancellation for 112 gold pieces
  4762 | D:5      | Identified the +8 dagger "Qamilyw" {flame, rElec MR+ Str-2 Dex+4} (You found it on level 5 of the Dungeon)
  4780 | D:6      | Noticed Blork the orc
  4788 | D:6      | Killed Blork the orc
  5035 | D:6      | Reached skill level 6 in Short Blades
  5218 | D:6      | Found a staircase to the Ecumenical Temple.
  5233 | Temple   | Entered the Ecumenical Temple
  5468 | D:6      | Noticed Eustachio
  5479 | D:6      | Killed Eustachio
  5479 | D:6      | Reached skill level 7 in Short Blades
  6119 | D:7      | Found a sparkling altar of Nemelex Xobeh.
  6342 | D:7      | Reached skill level 8 in Short Blades
  6380 | D:7      | Reached XP level 9. HP: 47/47 MP: 11/13
  6482 | D:7      | Got a pitted hand axe
  6513 | D:7      | Reached skill level 9 in Short Blades
  7098 | D:8      | Reached skill level 1 in Armour
  7299 | D:8      | Got a jewelled glaive
  7357 | D:8      | Found a glowing silver altar of Zin.
  7489 | D:8      | Identified the +3 hand axe of Ruination {antimagic, *Contam rN+ MR+} (You found it on level 7 of the Dungeon)
  7530 | D:8      | Identified the +8 glaive "Hecrodogo" {freeze, rF+} (You found it on level 8 of the Dungeon)
  7540 | D:8      | Reached skill level 1 in Polearms
  7544 | D:8      | Found an iron altar of Okawaru.
  7556 | D:8      | Found a bloodstained altar of Trog.
  7557 | D:8      | Found a blossoming altar of Fedhas.
  7558 | D:8      | Found a shattered altar of Ashenzari.
  7558 | D:8      | Found an ancient bone altar of Kikubaaqudgha.
  7563 | D:8      | Found a radiant altar of Vehumet.
  7564 | D:8      | Found a shadowy altar of Dithmenos.
  7573 | D:8      | Gained mutation: You are occasionally teleported to nearby monsters. [mutagenic glow]
  7588 | D:8      | Became a worshipper of Vehumet
  8182 | D:9      | Reached skill level 1 in Evocations
  8303 | D:9      | Noticed gw's ghost (novice DsHu)
  8432 | D:9      | Reached XP level 10. HP: 36/51 MP: 15/15
  8441 | D:9      | Got a smoking steel amulet
  8443 | D:9      | Identified the amulet of Kuupakka {rCorr Str+4} (You found it on level 9 of the Dungeon)
  8497 | D:9      | Reached * piety under Vehumet
  8497 | D:9      | Offered knowledge of Shock by Vehumet.
  8508 | D:9      | Learned a level 1 spell: Shock
  8513 | D:9      | Found an opulent altar of Gozag.
  8541 | D:9      | Reached skill level 1 in Conjurations
  8541 | D:9      | Reached skill level 1 in Air Magic
  8566 | D:9      | Reached skill level 10 in Short Blades
  9261 | D:10     | Entered Level 10 of the Dungeon
  9766 | D:9      | Killed gw's ghost
  9871 | D:9      | Noticed a white ugly thing
 10145 | D:8      | Demolished by a white ugly thing

Action                   |  1- 3 |  4- 6 |  7- 9 | 10-12 || total
-------------------------+-------+-------+-------+-------++-------
Melee: Unarmed           |    21 |       |       |       ||    21
       Dagger            |    23 |       |   171 |   106 ||   300
       Short sword       |   101 |    88 |    67 |       ||   256
       Mace              |       |    73 |       |       ||    73
       Glaive            |       |       |    31 |    48 ||    79
Throw: Stone             |    14 |    34 |    54 |       ||   102
       Tomahawk          |       |       |     5 |     5 ||    10
 Cast: Shock             |       |       |       |    15 ||    15
 Abil: Stop Flying       |       |       |       |     3 ||     3
       Evoke Flight      |       |       |       |     3 ||     3
  Use: Scroll            |       |     7 |    14 |     5 ||    26
       Potion            |       |       |       |     1 ||     1
 Stab: Sleeping          |     9 |     7 |    11 |     2 ||    29
       Distracted        |       |       |       |     1 ||     1
  Eat: Fruit             |     2 |       |       |       ||     2
       Bread ration      |     1 |     1 |     2 |       ||     4
       Beef jerky        |       |       |     4 |       ||     4
       Meat ration       |       |       |       |     1 ||     1
       Royal jelly       |       |       |       |     1 ||     1
